[Event "AÉPA - América central"]
[Site "PC"]
[Date "2025.07.20"]
[Round "2.24"]
[White "Schmitt, Pierre"]
[Black "Ponce, Fabricio"]
[Result "0-1"]
[ECO "B20"]
[Opening "Sicilian defence"]
[Time "?"]
[UTCTime "?"]
[UTCDate "2025.07.20"]
[WhiteElo "1399"]
[BlackElo "1000"]
[PlyCount "66"]
[TimeControl "3600+30"]
[WhiteTimeLeft "551"]
[BlackTimeLeft "526"]
[Termination "Checkmate"]
[Mode "TC"]
[Annotator "Ericlock2.65"]

 1. e4 c5 2. Bc4 e6 3. e5 d5 4. exd6 Bxd6 5. Nf3 Nc6 6. c3 Nf6 7. O-O a6 8. d4 cxd4
 9. cxd4 b5 10. Bd3 Bb7 11. a4 Nb4 12. b3 bxa4 13. bxa4 Nbd5 14. Re1 O-O 15. Ng5 Nb4 16. Nc3 Bxh2+
 17. Kxh2 Qc7+ 18. Kg1 Qxc3 19. Bd2 Qxd4 20. Bxb4 Qxb4 21. Rb1 Qe7 22. Qc2 h6 23. Nh7 Nxh7 24. Bxh7+ Kh8
 25. Re3 Bd5 26. Rg3 f5 27. Re1 Kxh7 28. Re5 Rfc8 29. Qe2 Rc1+ 30. Kh2 Qh4+ 31. Rh3 Qf4+ 32. g3 Qxf2+
 33. Qxf2 Rh1#

[Event "AÉPA - América central"]
[Site "PC"]
[Date "2025.07.21"]
[Round "2.04"]
[White "Lambert, Pierre"]
[Black "Rosa, Melany"]
[Result "0-1"]
[ECO "C45"]
[Opening "Scotch game"]
[Time "14:05:33"]
[UTCTime "20:05:33"]
[UTCDate "2025.07.21"]
[WhiteElo "1791"]
[BlackElo "1686"]
[PlyCount "94"]
[TimeControl "3600+30"]
[WhiteTimeLeft "1053"]
[BlackTimeLeft "1876"]
[Termination "Abandoned"]
[Mode "TC"]
[Annotator "Ericlock2.65"]

 1. e4 e5 2. Nf3 Nc6 3. d4 exd4 4. Nxd4 Bc5 5. Be3 Qf6 6. c3 Nge7 7. g3 O-O 8. Bg2 Ne5
 9. O-O Nc4 10. Bc1 Nc6 11. b3 Nxd4 12. bxc4 Nc6 13. a3 Ne5 14. Qd5 d6 15. Be3 c6 16. Qd1 Bxe3
 17. fxe3 Qh6 18. Qe2 Ng4 19. Bh1 Nxe3 20. Rf4 Ng4 21. Nd2 Qg5 22. Nf3 Qa5 23. Qb2 Qc5+ 24. Nd4 Ne5
 25. Qb4 Qxc4 26. Qxc4 Nxc4 27. Nc2 Be6 28. Rb1 b5 29. Bg2 Rfe8 30. Bf1 Nd2 31. Rd1 Nxf1 32. Rdxf1 Rac8
 33. Ne3 f6 34. Rd1 Rcd8 35. Rd2 Kf7 36. Nc2 c5 37. Kf2 g5 38. Rf3 Bc8 39. Re3 Bb7 40. Red3 Bxe4
 41. Re3 f5 42. Ne1 Kf6 43. Rb2 a6 44. a4 bxa4 45. Rb6 Re6 46. Rxa6 Ra8 47. Rb6 a3
{las blancas abandonan} 0-1
{Tiempo restante: blancas - 17 minutos, 33 segundos, negras - 31 minutos, 16 segundos.}

[Event "AÉPA - América central"]
[Site "PC"]
[Date "2025.07.21"]
[Round "2.23"]
[White "Gerbaux, Régis"]
[Black "Molina, Maria"]
[Result "1-0"]
[ECO "C60"]
[Opening "Ruy Lopez"]
[Variation "Cozio defence"]
[Time "?"]
[UTCTime "16:00"]
[UTCDate "?"]
[WhiteElo "1400"]
[BlackElo "1000"]
[PlyCount "52"]
[TimeControl "3600+30"]
[WhiteTimeLeft "3600"]
[BlackTimeLeft "3600"]
[Termination "resine"]
[Mode "TC"]
[Annotator "Ericlock2.65"]

 1. e4 e5 2. Nf3 Nc6 3. Bb5 Nge7 4. O-O a6 5. Ba4 g6 6. Re1 Bg7 7. Bb3 h6 8. c3 b5
 9. d4 Na5 10. Bc2 d6 11. a4 Qd7 12. Bd3 c6 13. d5 Nb3 14. Qxb3 cxd5 15. axb5 Qb7 16. c4 dxe4
 17. Bxe4 d5 18. cxd5 Nxd5 19. Bxd5 Qa7 20. Be3 Qb8 21. Bxa8 Qxa8 22. Nc3 Bb7 23. Red1 O-O 24. Rd6 Re8
 25. Rd7 e4 26. Qxf7+ Kh7
*
{Time left: white - one hour , black - one hour .}

[Event "AÉPA - América central"]
[Site "PC"]
[Date "2025.07.22"]
[Round "2.20"]
[White "Maccaferri, Massimo"]
[Black "carias, Nancy "]
[Result "1-0"]
[ECO "C23"]
[Opening "Bishop's opening"]
[Time "13:11:19"]
[UTCTime "19:11:19"]
[UTCDate "2025.07.22"]
[WhiteElo "1446"]
[BlackElo "1000"]
[PlyCount "91"]
[TimeControl "2700+30"]
[WhiteTimeLeft "2312"]
[BlackTimeLeft "1349"]
[Termination "Checkmate"]
[Mode "TC"]
[Annotator "Ericlock2.65"]

 1. e4 e5 2. Bc4 Nc6 3. Qh5 Qe7 4. Bb5 Nf6 5. Qf3 a6 6. Bxc6 bxc6 7. d3 Bb7 8. h4 Qe6
 9. h5 h6 10. g4 O-O-O 11. g5 Nh7 12. Qg3 Bb4+ 13. c3 Bc5 14. g6 fxg6 15. hxg6 Nf6 16. Nf3 Rhg8
 17. Nxe5 d6 18. Nc4 d5 19. Na5 Ba8 20. Be3 Bd6 21. Bf4 Bc5 22. Bxc7 Rd7 23. Bf4 dxe4 24. Be3 Nd5
 25. Bxc5 exd3+ 26. Kd2 Qe4 27. Ba7 Rxa7 28. Re1 Qa4 29. Nb3 Rd7 30. Nc5 Qc4 31. Nxd7 Kxd7 32. Qe5 Kc8
 33. Qe6+ Kb7 34. Qxg8 c5 35. Qf7+ Kb6 36. Re6+ Kb5 37. Na3+ Ka4 38. Nxc4 Kb5 39. Qxg7 Kxc4 40. Re4+ Kb5
 41. Qd7+ Ka5 42. g7 Nb6 43. Qd8 Bxe4 44. g8=Q Ka4 45. Qb3+ Ka5 46. Qdxb6#
{jaque Mate} 1-0
{Tiempo restante: blancas - 38 minutos, 32 segundos, negras - 22 minutos, 29 segundos.}

[Event "AÉPA - América central"]
[Site "PC"]
[Date "2025.07.23"]
[Round "2.13"]
[White "Gharbi, Saïd"]
[Black "Pontaza, Gerson"]
[Result "0-1"]
[ECO "B22"]
[Opening "Sicilian"]
[Variation "Alapin's variation (2.c3)"]
[Time "?"]
[UTCTime "?"]
[UTCDate "?"]
[WhiteElo "1544"]
[BlackElo "1482"]
[PlyCount "96"]
[TimeControl "3600+30"]
[WhiteTimeLeft "3600"]
[BlackTimeLeft "3600"]
[Termination "Abandoned"]
[Mode "TC"]
[Annotator "Ericlock2.65"]

 1. e4 c5 2. c3 Nf6 3. e5 Nd5 4. Bc4 Nb6 5. Bb3 c4 6. Ba4 e6 7. Nf3 Nxa4 8. Qxa4 Qc7
 9. d3 cxd3 10. Qd4 Bc5 11. Qxd3 O-O 12. Ng5 g6 13. Qh3 Qxe5+ 14. Be3 h5 15. O-O Bxe3 16. Qxe3 Qxe3
 17. fxe3 f6 18. Ne4 f5 19. Nd6 Nc6 20. Nd2 b6 21. b4 b5 22. Nxb5 Ba6 23. a4 d5 24. Rf3 Rac8
 25. Nd6 Ne5 26. Nxc8 Nxf3+ 27. Nxf3 Rxc8 28. Rc1 Bc4 29. Ne5 g5 30. a5 a6 31. Kf2 Kg7 32. Kg3 g4
 33. Kh4 Kh6 34. Nf7+ Kg6 35. Ng5 e5 36. Ne6 Be2 37. Ng5 Rc4 38. h3 g3+ 39. Kxg3 Kxg5 40. Kf2 Bd3
 41. Kg1 f4 42. Kf2 Bf5 43. b5 fxe3+ 44. Kxe3 d4+ 45. Kd2 Rxc3 46. Rxc3 dxc3+ 47. Kxc3 axb5 48. a6 Bc8
{white resins} 0-1
{Time left: white - one hour , black - one hour .}

[Event "?"]
[Site "PC"]
[Date "2025.07.27"]
[Round "2.09"]
[White "Hargez, Dany"]
[Black "Aceituno, Stebe"]
[Result "0-1"]
[ECO "B92"]
[Opening "Sicilian"]
[Variation "Najdorf, Opovcensky variation"]
[Time "20:59:52"]
[UTCTime "18:59:52"]
[UTCDate "2025.07.27"]
[WhiteElo "1578"]
[BlackElo "1588"]
[PlyCount "56"]
[TimeControl "3600+30"]
[WhiteTimeLeft "882"]
[BlackTimeLeft "3664"]
[Termination "Abandoned"]
[Mode "TC"]
[Annotator "Ericlock2.65"]

 1. e4 c5 2. Nf3 d6 3. d4 cxd4 4. Nxd4 Nf6 5. Nc3 a6 6. Be2 e5 7. Nb3 Be7 8. Bg5 Be6
 9. O-O O-O 10. f4 exf4 11. Nd4 Bd7 12. Bxf4 Qb6 13. b3 Nc6 14. Be3 Qb4 15. Nd5 Nxd5 16. exd5 Bf6
 17. dxc6 bxc6 18. Rf4 Qc3 19. Nf3 Qxe3+ 20. Kh1 Qxf4 21. c4 Bxa1 22. Qxa1 Rae8 23. Bd3 c5 24. Qc3 Re3
 25. Qd2 Rfe8 26. Bf1 Rxf3 27. gxf3 Qxd2 28. Bg2 Re1+
{white resins} 0-1
{Time left: white - 14 minutes, 42 seconds, black - one hour , one minute, 4 seconds.}